 Dungeon Crawl Stone Soup version 0.26.1-11-gd32895ea62 (webtiles) character file.

Game seed: 6878077297052959509

34438 hawla the Destroyer (level 13, -5/105 HPs)
             Began as a Black Draconian Conjurer on June 25, 2021.
             Was an Elder of Vehumet.
             Shot with an arrow by a centaur warrior (18 damage)
             ... on level 13 of the Dungeon.
             The game lasted 01:12:51 (22179 turns).

hawla the Destroyer (Black Draconian Conjurer)     Turns: 22179, Time: 01:12:52

Health: -5/105     AC:  9    Str:  9      XL:     13   Next: 42%
Magic:  9/26       EV: 16    Int: 28 (31) God:    Vehumet [****..]
Gold:   343        SH:  5    Dex: 11 (12) Spells: 2/30 levels left

rFire    + . .     SeeInvis +   t - +8 rapier "Grim Tooth" {vamp, rN+ Stlth+}
rCold    + . .     Faith    .   e - +1 buckler
rNeg     + . .     Spirit   .   (armour unavailable)
rPois    .         Reflect  .   (helmet restricted)
rElec    +         Harm     .   K - scarf {repulsion}
rCorr    .         Rampage  .   l - +0 pair of gloves
Will     .....                  (no boots)
Stlth    ++++......             p - amulet of regeneration
HPRegen  0.67/turn              O - ring "Wutzie Fyudd" {rF+ Int+3}
MPRegen  0.20/turn              L - +6 ring of intelligence

@: very slightly contaminated, repel missiles
A: breathe lightning, unfitting armour, see invisible, cold resistance 1, sense
surroundings 1, electricity resistance, cold-blooded, AC +8
a: Breathe Lightning, Renounce Religion


You were on level 13 of the Dungeon.
You worshipped Vehumet.
Vehumet was greatly pleased with you.
You visited 2 branches of the dungeon, and saw 14 of its levels.
You also visited: Ossuary.

You collected 2684 gold pieces.
You spent 2341 gold pieces at shops.

Inventory:

Hand Weapons
 t - the +8 rapier "Grim Tooth" (weapon) {vamp, rN+ Stlth+}
   (You bought it in a shop on level 4 of the Dungeon)

   It inflicts no extra harm, but heals its wielder when it wounds a living foe.
   It protects you from negative energy.
   It makes you more stealthy.
Missiles
 c - 19 boomerangs
 B - 74 poisoned darts (quivered)
 G - 4 javelins
Armour
 e - a +1 buckler (worn)
 l - a +0 pair of gloves (worn)
 K - a scarf of repulsion (worn)
Magical Staves
 C - an uncursed staff of air
Jewellery
 a - an uncursed amulet of magic regeneration
 j - an uncursed ring of protection from cold
 k - an uncursed ring of magical power
 p - an amulet of regeneration (around neck)
 s - an uncursed amulet of the acrobat {unknown}
 v - a +6 ring of strength
 D - an uncursed ring of fire
 J - the ring of Grace {rC+ Stlth+}
   (You took it off a rakshasa on level 12 of the Dungeon)

   [ring of stealth]

   It protects you from cold.
   It makes you more stealthy.
 L - a +6 ring of intelligence (right hand)
 M - the ring "Kuggiodyne" {*Slow rF+ Str+6 Slay+5}
   (You took it off an orc knight on level 12 of the Dungeon)

   [ring of strength]

   It affects your strength (+6).
   It affects your accuracy and damage with ranged weapons and melee attacks
   (+5).
   It protects you from fire.
   It may slow you when you take damage.
 O - the ring "Wutzie Fyudd" (left hand) {rF+ Int+3}
   (You found it on level 12 of the Dungeon)

   [ring of protection from fire]

   It affects your intelligence (+3).
   It protects you from fire.
Wands
 h - a wand of disintegration (22)
 w - a wand of iceblast (8)
 H - a wand of random effects (29)
Scrolls
 b - 8 scrolls of remove curse
 d - 2 scrolls of enchant weapon
 q - a scroll of magic mapping
 r - 3 scrolls of fog
 x - 3 scrolls of enchant armour
Potions
 f - 4 potions of flight
 g - 2 potions of ambrosia
 i - 2 potions of cancellation
 m - 3 potions of brilliance
 n - 2 potions of curing
 o - a potion of attraction
 z - a potion of berserk rage
 A - a potion of resistance


   Skills:
 + Level 7.2 Fighting
 + Level 8.4 Short Blades
 + Level 3.0 Staves
 + Level 5.0 Throwing
 + Level 8.3 Dodging
 - Level 5.0 Stealth
 - Level 4.0 Shields
 - Level 9.0 Spellcasting
 + Level 10.5 Conjurations
 + Level 7.7 Translocations
 + Level 0.9 Transmutations
 + Level 2.1 Fire Magic
 + Level 2.5 Air Magic
 + Level 1.0 Poison Magic
 + Level 4.0 Evocations


You had 2 spell levels left.
You knew the following spells:

 Your Spells              Type           Power        Failure   Level
a - Shock                 Conj/Air       100%         1%          1
b - Searing Ray           Conj           100%         1%          2
c - Iskenderun's Mystic   Conj/Tloc      59%          1%          4
d - Blink                 Tloc           N/A          1%          2
e - Conjure Flame         Conj/Fire      48%          1%          3
f - Irradiate             Conj/Tmut      22%          3%          5
g - Fireball              Conj/Fire      24%          2%          5
h - Ozocubu's Refrigerat  Ice            6%           82%         6

Your spell library contained the following spells:

 Spells                   Type           Power        Failure   Level
 Foxfire                  Conj/Fire      100%         1%          1
 Magic Dart               Conj           100%         1%          1
 Call Imp                 Summ           12%          7%          2
 Slow                     Hex            12%          7%          2
 Dazzling Flash           Conj/Hex       84%          1%          3
 Mephitic Cloud           Conj/Pois/Air  38%          1%          3
 Fulminant Prism          Conj/Hex       21%          1%          4
 Sticky Flame             Conj/Fire      48%          1%          4
 Inner Flame              Hex/Fire       18%          2%          3
 Olgreb's Toxic Radiance  Pois           18%          8%          4
 Hydra Form               Tmut           8%           99%         6
 Statue Form              Tmut/Erth      10%          99%         6
 Dragon Form              Tmut           8%           100%        7


Dungeon Overview and Level Annotations

Branches:
Dungeon (13/15)            Temple (1/1) D:6            Lair (0/6) D:10
    Orc (0/2) D:9         Ossuary (visited)
 Vaults: D:13-14

Altars:
Ashenzari
Cheibriados
Fedhas
Gozag
Hepliaklqana
Kikubaaqudgha
Okawaru
Ru
Sif Muna
Uskayaw
Vehumet
Wu Jian
Xom
Yredelemnul
The Shining One

Shops:
D:4 (   D:7 ?   D:10 :   D:12 [   D:13 :


Innate Abilities, Weirdness & Mutations

You can breathe wild blasts of lightning.
Your glossy black scales are hard. (AC +8)
You cannot fit into any form of body armour.
You are resistant to electric shocks. (rElec)
You are cold-blooded and may be slowed by cold attacks.
You have supernaturally acute eyesight. (SInv)
Your flesh is cold resistant. (rC+)
You passively map a small area around you.


Message History

Casting: Iskenderun's Mystic Blast (safe; 1% risk of failure)
Confirm with . or Enter, or press ? or * to list all spells.
Aiming: Searing Ray (safe; 1% risk of failure)
Press: ? - help, Shift-Dir - straight line, f - centaur
Aim: a centaur, wielding a +3 shortbow and quivering 11 arrows (10% to evade)
The searing ray hits the centaur.
The centaur is moderately wounded. (Press . to maintain the ray.)
The centaur shoots an arrow.
The arrow barely misses you.
The centaur warrior shoots an arrow.
The arrow completely misses you.
The centaur shoots an arrow.
The arrow misses you.
The searing ray hits the centaur!
The centaur is severely wounded.
The centaur shoots an arrow.
The arrow hits you!
* * * LOW HITPOINT WARNING * * *
The centaur warrior shoots an arrow.
The arrow barely misses you.
The centaur shoots an arrow.
The arrow hits you.
* * * LOW HITPOINT WARNING * * *
The centaur warrior shoots an arrow.
The arrow hits you!!
You die...

#....####.............).....# *
#.......#...#...###....)....# , *
.........#..#...<###..)..)..##,
..........#.#....#..p..).....## ,
........)..#######..#######...###
........#..# ,.. #..# ,, ,##.#...
.#......##.# .##..# o #.###..
##..#......#. #.#..#.# #.###..
##.....###(#..##@#..#.##. #.(.)..
#....### #.#,#..(().....# #......
##...# #.#####)#..#.### #......
##.## #((.(((.([..............
### #(รท.(.(.$...............
#######(#c.#c#####......
#..[....... #......
#.Z##.#[.#.##.,#..[... #.
#.#).#.# #....#.


You could see a centaur warrior and a centaur.

Vanquished Creatures
  Harold (D:8)
  A rakshasa (D:12)
  3 hydras
  2 boulder beetles
  5 two-headed ogres
  A centaur warrior (D:13)
  2 tengu warriors
  2 skeletal warriors
  An unseen horror (D:12)
  2 orc knights
  2 deep elf magi
  4 cyclopes
  2 manticores
  A gargoyle (D:12)
  5 centaur skeletons
  A komodo dragon (D:10)
  A kobold demonologist (D:13)
  A yaktaur (D:12)
  5 trolls
  A meliai (D:12)
  4 hornets
  4 slime creatures (D:13)
  A vampire (D:13)
  2 wraiths
  A shadow (D:13)
  18 yaks
  Eustachio (D:4)
  Grum (D:8)
  2 soldier ants (D:8)
  An acid dragon (D:13)
  2 water moccasins
  10 orc warriors
  A phantom (D:4)
  Duvessa (D:6)
  3 ice beasts
  3 sky beasts
  3 black bears
  6 necrophages
  An eye of draining (D:9)
  A boggart (D:13)
  A hornet zombie (D:12)
  8 ogres
  3 wolves (D:8)
  9 centaurs
  7 big kobolds
  9 bullfrogs
  2 elf zombies (Ossuary)
  A wyvern zombie (D:7)
  Dowan (D:6)
  2 wyvern skeletons
  7 scorpions
  9 killer bees
  4 wights
  4 howler monkeys
  5 centaur zombies
  4 bullfrog zombies
  3 hounds
  2 quasits
  3 human zombies (Ossuary)
  10 orc priests
  4 jellies
  3 bullfrog skeletons
  3 iguanas
  20 orc wizards
  12 worker ants
  2 hound zombies
  3 mummies (Ossuary)
  A worker ant zombie (D:8)
  A gnoll (D:1)
  A howler monkey skeleton (D:4)
  15 adders
  A hound simulacrum (D:8)
  2 shadow imps
  2 white imps
  An ufetubus (D:8)
  2 adder skeletons
  An adder zombie (Ossuary)
  2 worms (D:4)
  4 dart slugs
  5 leopard geckos
  47 orcs
  A ball python (D:1)
  3 bats
  4 giant cockroaches
  2 gnoll zombies (Ossuary)
  6 goblins
  5 hobgoblins
  18 jackals
  5 quokkas
  3 frilled lizards
  A jackal zombie (D:5)
  23 kobolds
  2 kobold zombies (Ossuary)
  A leopard gecko zombie (D:6)
  An orc zombie (Ossuary)
  2 quokka zombies
  7 rats
  A bush (D:12)
420 creatures vanquished.

Vanquished Creatures (others)
  A jelly (D:8)
  9 fungi (D:10)
  21 plants
31 creatures vanquished.

Grand Total: 451 creatures vanquished

Notes
Turn   | Place    | Note
-------+----------+-------------------------------------------
     0 | D:1      | hawla the Draconian Conjurer began the quest for the Orb.
     0 | D:1      | Reached XP level 1. HP: 14/14 MP: 3/3
   136 | D:1      | Reached XP level 2. HP: 22/22 MP: 0/5
   207 | D:1      | Reached skill level 1 in Fighting
   236 | D:1      | Reached skill level 1 in Translocations
   357 | D:1      | Learned a level 2 spell: Searing Ray
   733 | D:1      | Reached XP level 3. HP: 28/28 MP: 1/6
   958 | D:1      | You fall into a shaft and drop 1 floor!
  1972 | D:2      | Reached XP level 4. HP: 36/36 MP: 7/7
  1977 | D:2      | Learned a level 4 spell: Iskenderun's Mystic Blast
  2180 | D:2      | Found a broken altar of Ashenzari.
  2908 | D:3      | Found a faded altar of an unknown god.
  3357 | D:4      | Noticed Eustachio
  3443 | D:4      | Reached skill level 1 in Staves
  3454 | D:4      | Reached XP level 5. HP: 41/41 MP: 2/8
  3524 | D:4      | Found a glowing golden altar of the Shining One.
  3539 | D:4      | Found Nifinuk's Weapon Shoppe.
  3592 | D:4      | Gained mutation: You expend magic power (3 MP) to
                  | strengthen your wands. [potion of mutation]
  3592 | D:4      | Gained mutation: Your spells are a little harder to cast,
                  | but a little more powerful. [potion of mutation]
  3594 | D:4      | HP: 2/41 [scorpion (1)]
  3601 | D:4      | Reached skill level 5 in Conjurations
  3718 | D:4      | Killed Eustachio
  3719 | D:4      | Reached XP level 6. HP: 37/48 MP: 0/9
  3863 | D:4      | Found a sand-covered staircase.
  3869 | Ossuary  | Entered an ossuary
  3881 | Ossuary  | Lost mutation: You expend magic power (3 MP) to strengthen
                  | your wands. [potion of mutation]
  3881 | Ossuary  | Lost mutation: Your spells are a little harder to cast, but
                  | a little more powerful. [potion of mutation]
  3881 | Ossuary  | Gained mutation: You have supernaturally acute eyesight.
                  | (SInv) [potion of mutation]
  3881 | Ossuary  | Gained mutation: You passively map a small area around you.
                  | [potion of mutation]
  3881 | Ossuary  | Gained mutation: You evolve. [potion of mutation]
  3948 | Ossuary  | Your scales start taking on a glossy black colour.
  3948 | Ossuary  | Reached XP level 7. HP: 24/56 MP: 1/11
  3948 | Ossuary  | Gained mutation: You are resistant to electric shocks.
                  | (rElec) [Black Draconian growth]
  3962 | Ossuary  | Reached skill level 1 in Shields
  3973 | Ossuary  | Reached skill level 6 in Conjurations
  4171 | Ossuary  | Gained mutation: Your flesh is cold resistant. (rC+)
                  | [evolution]
  4862 | D:4      | Reached XP level 8. HP: 59/63 MP: 7/13
  5369 | D:4      | Reached skill level 1 in Short Blades
  5706 | D:4      | Found a hazy altar of Hepliaklqana.
  5729 | D:5      | Entered Level 5 of the Dungeon
  5836 | D:5      | Lost mutation: You evolve. [end of evolution]
  6048 | D:5      | Noticed a two-headed ogre
  6069 | D:5      | Killed a two-headed ogre
  6278 | D:5      | Reached XP level 9. HP: 69/71 MP: 3/15
  6279 | D:5      | Reached skill level 7 in Conjurations
  6701 | D:5      | Found a shimmering blue altar of Sif Muna.
  7029 | D:6      | Noticed Duvessa
  7147 | D:6      | Killed Duvessa
  7148 | D:6      | Reached skill level 5 in Spellcasting
  7251 | D:6      | Found a radiant altar of Vehumet.
  7258 | D:6      | Became a worshipper of Vehumet
  7362 | D:6      | Found a radiant altar of Vehumet.
  7597 | D:6      | Noticed Dowan
  7609 | D:6      | Killed Dowan
  7844 | D:6      | Found a hide-covered altar of Uskayaw.
  8428 | D:6      | Found a staircase to the Ecumenical Temple.
  8434 | Temple   | Entered the Ecumenical Temple
  8782 | D:7      | Found Punoor's Magic Scroll Shop.
  8827 | D:7      | Reached * piety under Vehumet
  8827 | D:7      | Offered knowledge of Sandblast by Vehumet.
  8987 | D:7      | Identified the +10 flail of Wulerghu {flame, rPois rN+
                  | Str+4}
  9215 | D:7      | Reached skill level 5 in Short Blades
  9647 | D:7      | Found a basalt altar of Yredelemnul.
  9657 | D:7      | Found an opulent altar of Gozag.
  9954 | D:8      | Reached XP level 10. HP: 75/80 MP: 1/18
 10368 | D:8      | Noticed a two-headed ogre
 10585 | D:8      | Reached skill level 5 in Dodging
 10642 | D:8      | Noticed Harold
 10660 | D:8      | Offered knowledge of Shock by Vehumet.
 10661 | D:8      | Reached skill level 8 in Conjurations
 10664 | D:8      | Identified a scroll of acquirement
 10664 | D:8      | Acquired 707 gold pieces
 10670 | D:8      | Learned a level 1 spell: Shock
 11045 | D:4      | Bought the +8 rapier "Grim Tooth" {vamp, rN+ Stlth+} for
                  | 660 gold pieces
 11304 | D:8      | Learned a level 2 spell: Blink
 11308 | D:8      | Learned a level 3 spell: Conjure Flame
 11314 | D:8      | Noticed Grum
 11319 | D:8      | Reached skill level 5 in Fighting
 11336 | D:8      | Killed Grum
 11735 | D:8      | Killed a two-headed ogre
 11736 | D:8      | Reached skill level 5 in Translocations
 11737 | D:8      | Reached ** piety under Vehumet
 12180 | D:9      | Noticed a two-headed ogre
 12189 | D:9      | Killed a two-headed ogre
 12377 | D:9      | Noticed a deep elf mage
 12389 | D:9      | Killed a deep elf mage
 12390 | D:9      | Reached skill level 1 in Fire Magic
 12789 | D:9      | Offered knowledge of Frozen Ramparts by Vehumet.
 12935 | D:9      | Found a staircase to the Orcish Mines.
 13478 | D:10     | Entered Level 10 of the Dungeon
 13494 | D:10     | Found Nidahuos's Book Boutique.
 13516 | D:10     | Reached XP level 11. HP: 85/88 MP: 11/21
 13971 | D:10     | Reached skill level 9 in Conjurations
 14703 | D:10     | Found a staircase to the Lair.
 14833 | D:10     | Reached *** piety under Vehumet
 15002 | D:11     | Noticed a four-headed hydra
 15118 | D:11     | Killed a four-headed hydra
 15119 | D:11     | Reached skill level 1 in Air Magic
 15119 | D:11     | Reached skill level 1 in Evocations
 15305 | D:8      | Killed Harold
 15891 | D:7      | Bought a scroll of acquirement for 780 gold pieces
 16047 | D:10     | Acquired 927 gold pieces
 16433 | D:11     | Noticed a boulder beetle
 16886 | D:11     | Offered knowledge of Olgreb's Toxic Radiance by Vehumet.
 16896 | D:10     | Learned a level 4 spell: Olgreb's Toxic Radiance
 17011 | D:11     | Killed a boulder beetle
 17348 | D:11     | Noticed a skeletal warrior
 17350 | D:11     | Noticed a skeletal warrior
 17350 | D:11     | Noticed a skeletal warrior
 17362 | D:11     | Killed a skeletal warrior
 17368 | D:11     | Reached XP level 12. HP: 57/96 MP: 5/24
 18312 | D:12     | Found a blossoming altar of Fedhas.
 18458 | D:12     | Noticed a four-headed hydra
 18472 | D:12     | Killed a four-headed hydra
 18473 | D:12     | Reached skill level 1 in Throwing
 18473 | D:12     | Reached skill level 1 in Poison Magic
 18869 | D:12     | Reached **** piety under Vehumet
 19065 | D:12     | Found Giych's Antique Armour Boutique.
 19081 | D:12     | Offered knowledge of Bolt of Magma by Vehumet.
 19098 | D:12     | Learned a level 5 spell: Fireball
 19155 | D:12     | Bought a glowing scarf for 296 gold pieces
 19319 | D:12     | Reached skill level 10 in Conjurations
 19615 | D:12     | Noticed a tengu warrior
 19619 | D:12     | Noticed a rakshasa
 19620 | D:12     | Identified the ring "Salalech" {MP+9 Stlth-}
 19622 | D:12     | Identified the ring "Kuggiodyne" {*Slow rF+ Str+6 Slay+5}
 19624 | D:12     | Reached skill level 5 in Stealth
 19627 | D:12     | Killed a tengu warrior
 19634 | D:12     | HP: 4/100 [orc knight (illusionary)/+0 war axe (29)]
 19979 | D:12     | Identified the ring of Grace {rC+ Stlth+}
 19995 | D:12     | Killed a rakshasa
 20227 | D:12     | Got a translucent silver ring
 20931 | D:11     | Reached ***** piety under Vehumet
 21041 | D:11     | Identified the ring "Wutzie Fyudd" {rF+ Int+3} (You found
                  | it on level 12 of the Dungeon)
 21181 | D:13     | Noticed a tengu warrior
 21191 | D:13     | Killed a tengu warrior
 21220 | D:13     | Found Panet's Book Shop.
 21228 | D:13     | Paralysed by a hornet for 3 turns
 21231 | D:13     | Offered knowledge of Ozocubu's Refrigeration by Vehumet.
 21234 | D:13     | Reached XP level 13. HP: 21/105 MP: 20/26
 21371 | D:13     | Bought a book of Transfigurations for 605 gold pieces
 21379 | D:13     | Learned a level 5 spell: Irradiate
 21386 | D:13     | Learned a level 6 spell: Ozocubu's Refrigeration
 21894 | D:13     | Reached skill level 5 in Throwing
 22179 | D:13     | Shot with an arrow by a centaur warrior

Illustrated notes

Levels and vault maps discovered:
D:1:      arrival_zaba_pyramid, layout_basic
D:2:      layout_rooms, ashenzari_altar_1
D:3:      layout_loops_ring, nicolae_overflow_hidden_temple,
          chequers_ecumenical_altar_lobes, roderic_cross_of_infinity
D:4:      layout_loops_ring, general_overflow_altar, tso_metal_star,
          serial_shops, shop, enter_ossuary_5, uniq_eustachio
D:5:      layout_loops_ring, lemuel_crystal_altar, grunt_decor_one_mirror,
          minmay_a_box_with_orc_wizards_in_it
D:6:      layout_loops_ring, lemuel_doored_altar, overflow_temple_1_default,
          minmay_temple_entry_fiery, basic_altar, uniq_duvessa
D:7:      layout_loops_ring, minitemple, serial_shops, shop_statue
D:8:      layout_basic, serial_ice, serial_ice_e, serial_ice_g, serial_ice_a,
          serial_ice_b, hangedman_pestilent_swarm, lemuel_flame_loot_1,
          uniq_grum, uniq_harold
D:9:      cheibrodos_fzero, layout_grid_maze, orc_0_dummy
D:10:     layout_roguey, grunt_lair_entry_orc_guard_hut, serial_shops,
          shop_coins
D:11:     layout_rooms, lightli_orcish_oven
D:12:     minmay_the_grid_triangle_9x9_rhombus_full
          [minmay_the_grid_triangle_9x9_corruption,
          minmay_the_grid_triangle_9x9_checkered,
          minmay_the_grid_triangle_9x9_limited_checkers,
          minmay_the_grid_triangle_9x9_pentomino_pain,
          minmay_the_grid_triangle_9x9_empty,
          minmay_the_grid_triangle_9x9_swiss_cheese,
          minmay_the_grid_triangle_9x9_zippers_horizontal,
          minmay_the_grid_triangle_9x9_prize_special], layout_basic,
          serial_shops, shop_fountains, hangedman_abyss_or_decor_passed,
          fedhas_altar_decomposition
D:13:     minmay_four_partial_circles, layout_cave_pools,
          hangedman_vaults_entry_quadrant_bands, serial_shops, shop,
          hangedman_corner_corridor
Temple:   cyrus_circular_temple

Skill      XL: |  1  2  3  4  5  6  7  8  9 10 11 12 13 |
---------------+----------------------------------------+-----
Fighting       | 1 2 3 4 5 6 7 |  7.2
Translocations | 1 2 3 4 5 6 7 |  7.7
Staves         | 1 2 3 |  3.0
Conjurations   | 5 6 7 8 9 10 | 10.5
Dodging        | 2 3 4 5 6 7 8 |  8.3
Shields        | 1 2 3 4 |  4.0
Spellcasting   | 3 4 5 7 8 9 |  9.0
Stealth        | 2 3 4 5 |  5.0
Short Blades   | 3 5 6 7 8 |  8.4
Fire Magic     | 1 2 |  2.1
Air Magic      | 1 2 |  2.5
Evocations     | 4 |  4.0
Throwing       | 4 5 |  5.0
Poison Magic   | 1 |  1.0
Transmutations | |  0.9

Action                   |  1- 3 |  4- 6 |  7- 9 | 10-12 | 13-15 || total
-------------------------+-------+-------+-------+-------+-------++-------
Melee: Unarmed           |    12 |       |       |       |       ||    12
       Whip              |    19 |    76 |    23 |       |       ||   118
       Quarterstaff      |       |    15 |       |       |       ||    15
       Tailslap          |       |    12 |    17 |    25 |     2 ||    56
       Rapier            |       |       |   156 |   231 |    32 ||   419
       Staff             |       |       |       |    29 |       ||    29
Throw: Dart              |       |       |       |     9 |     5 ||    14
 Cast: Magic Dart        |    32 |    29 |    33 |     4 |       ||    98
       Searing Ray       |     9 |    22 |    50 |    90 |     9 ||   180
       Iskenderun's Myst |       |     2 |    41 |   205 |    36 ||   284
       Shock             |       |       |       |    45 |     7 ||    52
       Conjure Flame     |       |       |       |    13 |       ||    13
       Blink             |       |       |       |     1 |       ||     1
       Olgreb's Toxic Ra |       |       |       |     3 |       ||     3
       Fireball          |       |       |       |     1 |     1 ||     2
       Irradiate         |       |       |       |       |     4 ||     4
 Abil: Breathe Lightning |       |       |     1 |       |       ||     1
Evoke: Wand              |       |       |       |     7 |       ||     7
  Use: Scroll            |       |    10 |     5 |    19 |     3 ||    37
       Potion            |       |    11 |     4 |     6 |     3 ||    24
 Stab: Sleeping          |     1 |     1 |     2 |     9 |       ||    13
       Distracted        |       |     1 |       |       |     1 ||     2
Armor: Skin              |     8 |    30 |    46 |   102 |     8 ||   194
Dodge: Dodged            |    16 |    65 |   140 |   245 |    61 ||   527
       Repelled          |       |       |       |     5 |     1 ||     6
Block: Buckler           |     1 |    20 |    66 |    98 |    21 ||   206
